[ PARTIDA AOE2 · #478242288 ]
UnrankedSarracenos vs Mongols
[ ANÁLISIS DE REPETICIÓN · EXTRAÍDO DE LA PARTIDA GRABADA ]
Feudal
12:34
Castillos
16:54
Imperial
35:51
| APM promedio | 32.1 |
| APM pico | 94 |
| eAPM promedio | 15.3 |
| Aldeanos / militares | 116 / 189 |
Foco
⚔️ 34.3% · 🌾 65.7%
Skirmisher ×132 · Camel Scout ×35 · Mameluke ×13 · Trebuchet (Packed) ×9
Feudal
13:10
Castillos
19:36
Imperial
—
| APM promedio | 30.7 |
| APM pico | 60 |
| eAPM promedio | 18.2 |
| Aldeanos / militares | 193 / 25 |
Foco
⚔️ 23.5% · 🌾 76.5%
Mangudai ×21 · Spearman ×2 · Scout Cavalry ×2
Feudal
13:08
Castillos
17:34
Imperial
39:02
| APM promedio | 51.0 |
| APM pico | 85 |
| eAPM promedio | 22.9 |
| Aldeanos / militares | 117 / 73 |
Foco
⚔️ 38.4% · 🌾 61.6%
Cavalry Archer ×61 · Monk ×6 · Camel Scout ×3 · Trebuchet (Packed) ×3
Feudal
13:58
Castillos
17:28
Imperial
37:05
| APM promedio | 48.7 |
| APM pico | 83 |
| eAPM promedio | 17.8 |
| Aldeanos / militares | 153 / 144 |
Foco
⚔️ 35.6% · 🌾 64.4%
Cavalry Archer ×137 · Scout Cavalry ×5 · Trebuchet (Packed) ×2
Feudal
12:41
Castillos
17:11
Imperial
40:18
| APM promedio | 49.5 |
| APM pico | 106 |
| eAPM promedio | 26.9 |
| Aldeanos / militares | 122 / 0 |
Foco
⚔️ 26.0% · 🌾 74.0%
Unknown (1949) ×110 · Unknown (1942) ×5
Feudal
13:36
Castillos
24:49
Imperial
41:37
| APM promedio | 30.5 |
| APM pico | 57 |
| eAPM promedio | 15.8 |
| Aldeanos / militares | 116 / 80 |
Foco
⚔️ 21.1% · 🌾 78.9%
Magyar Huszar ×39 · Skirmisher ×32 · Scout Cavalry ×6 · Trebuchet (Packed) ×2 · Monk ×1
Mapa de la partida
Recursos iniciales + cada clic de construcción. Líneas = muros · curvas = relieve. ◆ oro · ⬟ piedra · ● bayas · ✦ reliquia · ◌ hueco del cierre
Tu base· Abierta — hueco de 3t
Base de [ITCF]Hentai· Abierta — flanco sin cerrar
Base de IRON MIKE· Abierta — flanco sin cerrar
Base de [ITCF]yuli· Abierta — hueco de 8t
Base de 麻糬· Abierta — flanco sin cerrar
Base de Erranth· Abierta — hueco de 3t
Terreno inicial suavizado · ◌ = hueco del cierre detectado · pasá el cursor para detalles
Inputs por minuto
— choco - - [ITCF]Hentai
Build order — choco
Primeras 150 de 305 acciones detectadas
| 0:09 | Construir | Town Center |
| 0:54 | Construir | Lumber Camp |
| 2:22 | Construir | House |
| 2:42 | Crear | Villager (Male) |
| 2:47 | Crear | Villager (Male) |
| 2:48 | Crear | Villager (Male) |
| 3:25 | Crear | Villager (Male) |
| 4:01 | Construir | House |
| 4:05 | Crear | Villager (Male) |
| 4:29 | Crear | Villager (Male) |
| 5:02 | Crear | Villager (Male) |
| 5:14 | Crear | Villager (Male) |
| 5:48 | Crear | Villager (Male) |
| 6:04 | Crear | Villager (Male) |
| 6:23 | Crear | Villager (Male) |
| 6:41 | Crear | Villager (Male) |
| 6:54 | Construir | House |
| 7:19 | Crear | Villager (Male) |
| 8:02 | Crear | Villager (Male) |
| 8:38 | Crear | Villager (Male) |
| 8:43 | Crear | Villager (Male) |
| 9:02 | Construir | Mill |
| 9:07 | Crear | Villager (Male) |
| 9:26 | Construir | House |
| 9:59 | Investigar | Loom |
| 10:08 | Investigar | Feudal Age |
| 10:47 | Construir | Mining Camp |
| 11:48 | Construir | Lumber Camp |
| 12:00 | Crear | Villager (Male) |
| 12:34 | Edad | Edad Feudal |
| 12:52 | Crear | Villager (Male) |
| 13:09 | Construir | Market |
| 13:18 | Crear | Villager (Male) |
| 13:18 | Crear | Villager (Male) |
| 13:25 | Construir | Blacksmith |
| 14:13 | Investigar | Castle Age |
| 14:36 | Investigar | Double-Bit Axe |
| 15:07 | Construir | House |
| 15:17 | Crear | Villager (Male) |
| 15:45 | Investigar | Horse Collar |
| 16:19 | Construir | Stone Wall |
| 16:31 | Construir | Farm |
| 16:39 | Construir | Farm |
| 16:54 | Edad | Edad de los Castillos |
| 16:57 | Crear | Villager (Male) |
| 17:23 | Crear | Villager (Male) |
| 17:24 | Crear | Villager (Male) |
| 17:48 | Construir | Castle |
| 17:58 | Crear | Villager (Male) |
| 18:36 | Construir | Mining Camp |
| 18:52 | Crear | Mameluke |
| 19:09 | Construir | House |
| 19:12 | Crear | Villager (Male) |
| 19:31 | Crear | Villager (Male) |
| 19:35 | Construir | Farm |
| 19:36 | Construir | Farm |
| 19:43 | Construir | Farm |
| 19:44 | Construir | Farm |
| 19:45 | Construir | Farm |
| 20:25 | Crear | Mameluke |
| 20:26 | Crear | Villager (Male) |
| 20:45 | Construir | Town Center |
| 20:53 | Crear | Mameluke |
| 20:55 | Crear | Villager (Male) |
| 20:59 | Construir | Farm |
| 21:15 | Crear | Villager (Male) |
| 21:23 | Construir | Farm |
| 21:30 | Construir | Farm |
| 21:31 | Construir | Farm |
| 21:36 | Crear | Mameluke |
| 21:54 | Crear | Mameluke |
| 22:04 | Crear | Villager (Male) |
| 22:11 | Crear | Villager (Male) |
| 22:19 | Construir | Farm |
| 22:20 | Construir | Farm |
| 22:22 | Construir | Farm |
| 22:34 | Crear | Mameluke |
| 22:35 | Crear | Villager (Male) |
| 22:43 | Construir | Farm |
| 22:44 | Construir | Farm |
| 22:51 | Crear | Villager (Male) |
| 23:16 | Crear | Mameluke |
| 23:19 | Crear | Villager (Male) |
| 23:21 | Crear | Villager (Male) |
| 23:24 | Construir | Farm |
| 23:41 | Investigar | Bow Saw |
| 23:53 | Construir | Lumber Camp |
| 23:57 | Crear | Villager (Male) |
| 23:59 | Crear | Villager (Male) |
| 24:28 | Crear | Villager (Male) |
| 24:28 | Crear | Mameluke |
| 24:31 | Crear | Villager (Male) |
| 24:40 | Construir | Farm |
| 24:56 | Crear | Villager (Male) |
| 24:57 | Crear | Villager (Male) |
| 25:00 | Crear | Mameluke |
| 25:17 | Crear | Mameluke |
| 25:18 | Crear | Villager (Male) |
| 25:31 | Construir | Farm |
| 25:32 | Construir | Farm |
| 25:33 | Crear | Villager (Male) |
| 25:36 | Construir | Farm |
| 25:40 | Crear | Villager (Male) |
| 25:40 | Crear | Villager (Male) |
| 25:44 | Crear | Mameluke |
| 26:04 | Construir | Barracks |
| 26:10 | Investigar | Padded Archer Armor |
| 26:14 | Crear | Villager (Male) |
| 26:26 | Crear | Mameluke |
| 26:39 | Investigar | Town Watch |
| 26:48 | Crear | Villager (Male) |
| 26:55 | Construir | House |
| 26:58 | Construir | House |
| 27:04 | Crear | Mameluke |
| 27:26 | Crear | Villager (Male) |
| 27:27 | Crear | Villager (Male) |
| 27:40 | Construir | Farm |
| 27:41 | Construir | Farm |
| 27:56 | Investigar | Leather Archer Armor |
| 28:34 | Crear | Villager (Male) |
| 28:38 | Construir | Stable |
| 28:40 | Construir | Stable |
| 28:41 | Construir | Stable |
| 28:44 | Construir | House |
| 28:46 | Construir | House |
| 28:48 | Crear | Villager (Male) |
| 28:49 | Crear | Villager (Male) |
| 28:49 | Crear | Villager (Male) |
| 29:05 | Investigar | Scale Barding Armor |
| 29:06 | Crear | Villager (Male) |
| 29:14 | Construir | Farm |
| 29:17 | Construir | Farm |
| 29:23 | Construir | Farm |
| 29:34 | Construir | Lumber Camp |
| 29:37 | Construir | Lumber Camp |
| 29:42 | Investigar | Heavy Plow |
| 29:45 | Investigar | Husbandry |
| 30:12 | Crear | Villager (Male) |
| 30:12 | Crear | Villager (Male) |
| 30:13 | Crear | Villager (Male) |
| 30:17 | Investigar | Wheelbarrow |
| 30:24 | Crear | Villager (Male) |
| 30:35 | Construir | Farm |
| 30:39 | Construir | Farm |
| 30:44 | Investigar | Bloodlines |
| 31:00 | Crear | Villager (Male) |
| 31:00 | Crear | Villager (Male) |
| 31:40 | Construir | Farm |
| 32:41 | Investigar | Imperial Age |
| 32:42 | Investigar | Imperial Age |
Build order — [ITCF]Hentai
Primeras 150 de 451 acciones detectadas
| 0:12 | Construir | Town Center |
| 0:18 | Construir | House |
| 2:40 | Crear | Villager (Male) |
| 2:40 | Crear | Villager (Male) |
| 2:40 | Crear | Villager (Male) |
| 2:55 | Crear | Villager (Male) |
| 3:41 | Crear | Villager (Male) |
| 3:41 | Crear | Villager (Male) |
| 4:03 | Crear | Villager (Male) |
| 4:23 | Crear | Villager (Male) |
| 4:24 | Construir | House |
| 4:56 | Crear | Villager (Male) |
| 4:56 | Crear | Villager (Male) |
| 5:04 | Crear | Villager (Male) |
| 5:36 | Crear | Villager (Male) |
| 5:58 | Crear | Villager (Male) |
| 6:27 | Crear | Villager (Male) |
| 6:44 | Construir | House |
| 7:17 | Investigar | Loom |
| 7:32 | Construir | Lumber Camp |
| 7:54 | Crear | Villager (Male) |
| 8:07 | Crear | Villager (Male) |
| 8:34 | Crear | Villager (Male) |
| 8:37 | Construir | House |
| 8:50 | Crear | Villager (Male) |
| 8:59 | Construir | House |
| 9:04 | Crear | Villager (Male) |
| 9:06 | Crear | Villager (Male) |
| 9:58 | Construir | Mining Camp |
| 10:15 | Crear | Villager (Male) |
| 10:36 | Investigar | Feudal Age |
| 11:32 | Construir | Mill |
| 11:43 | Construir | House |
| 12:14 | Construir | House |
| 12:20 | Construir | Palisade Wall |
| 12:40 | Crear | Villager (Male) |
| 12:50 | Construir | Barracks |
| 12:58 | Construir | Palisade Wall |
| 12:59 | Construir | Palisade Wall |
| 13:10 | Edad | Edad Feudal |
| 13:15 | Investigar | Double-Bit Axe |
| 13:18 | Construir | Palisade Wall |
| 13:19 | Construir | Palisade Wall |
| 13:20 | Construir | Palisade Wall |
| 13:25 | Investigar | Town Watch |
| 13:27 | Crear | Villager (Male) |
| 13:43 | Investigar | Gold Mining |
| 13:54 | Construir | Palisade Wall |
| 13:57 | Construir | Palisade Wall |
| 14:02 | Crear | Villager (Male) |
| 14:15 | Construir | Palisade Gate |
| 14:20 | Construir | House |
| 14:22 | Construir | Palisade Wall |
| 14:23 | Construir | Palisade Wall |
| 14:37 | Crear | Villager (Male) |
| 14:50 | Construir | Blacksmith |
| 14:58 | Crear | Villager (Male) |
| 15:05 | Construir | House |
| 15:06 | Construir | House |
| 15:32 | Crear | Villager (Male) |
| 15:37 | Crear | Spearman |
| 15:57 | Construir | Palisade Wall |
| 16:01 | Construir | Palisade Wall |
| 16:06 | Crear | Villager (Male) |
| 16:08 | Construir | Stable |
| 16:22 | Crear | Villager (Male) |
| 16:27 | Construir | House |
| 16:30 | Construir | House |
| 16:32 | Construir | House |
| 16:34 | Construir | House |
| 16:36 | Crear | Villager (Male) |
| 16:49 | Crear | Spearman |
| 16:50 | Investigar | Castle Age |
| 16:54 | Construir | Palisade Wall |
| 16:59 | Construir | Palisade Wall |
| 17:00 | Construir | Palisade Wall |
| 17:02 | Construir | Palisade Wall |
| 17:04 | Construir | Palisade Wall |
| 17:12 | Construir | Palisade Wall |
| 17:23 | Crear | Villager (Male) |
| 17:26 | Construir | Mining Camp |
| 17:36 | Investigar | Scale Barding Armor |
| 17:42 | Construir | Farm |
| 17:45 | Construir | Farm |
| 18:27 | Investigar | Stone Mining |
| 18:41 | Construir | Farm |
| 18:42 | Construir | Farm |
| 18:59 | Crear | Villager (Male) |
| 19:16 | Construir | House |
| 19:17 | Construir | Palisade Wall |
| 19:23 | Construir | Palisade Wall |
| 19:26 | Crear | Villager (Male) |
| 19:36 | Edad | Edad de los Castillos |
| 19:50 | Crear | Villager (Male) |
| 20:14 | Crear | Villager (Male) |
| 20:29 | Crear | Villager (Male) |
| 20:56 | Construir | Town Center |
| 21:07 | Construir | Mining Camp |
| 21:18 | Construir | Outpost |
| 21:37 | Construir | Farm |
| 21:45 | Crear | Villager (Male) |
| 21:48 | Construir | Farm |
| 22:03 | Crear | Villager (Male) |
| 22:22 | Construir | Farm |
| 22:24 | Construir | Farm |
| 22:25 | Crear | Villager (Male) |
| 22:28 | Construir | Market |
| 22:35 | Construir | Farm |
| 22:37 | Crear | Villager (Male) |
| 22:45 | Construir | House |
| 22:48 | Construir | Lumber Camp |
| 22:50 | Construir | Farm |
| 22:56 | Construir | Outpost |
| 22:58 | Crear | Villager (Male) |
| 23:28 | Construir | Castle |
| 23:29 | Crear | Villager (Male) |
| 23:33 | Construir | Farm |
| 23:36 | Crear | Villager (Male) |
| 23:46 | Construir | Farm |
| 23:55 | Crear | Villager (Male) |
| 23:56 | Crear | Villager (Male) |
| 24:01 | Construir | Outpost |
| 24:09 | Crear | Villager (Male) |
| 24:10 | Crear | Villager (Male) |
| 24:13 | Construir | Farm |
| 24:24 | Crear | Villager (Male) |
| 24:24 | Crear | Villager (Male) |
| 24:31 | Construir | Mining Camp |
| 24:55 | Crear | Villager (Male) |
| 25:07 | Construir | Mill |
| 25:08 | Crear | Villager (Male) |
| 25:23 | Crear | Villager (Male) |
| 25:28 | Crear | Mangudai |
| 25:29 | Crear | Mangudai |
| 25:36 | Construir | Outpost |
| 25:39 | Crear | Villager (Male) |
| 25:39 | Crear | Villager (Male) |
| 25:57 | Construir | Mining Camp |
| 25:59 | Crear | Villager (Male) |
| 26:10 | Crear | Villager (Male) |
| 26:30 | Construir | Mill |
| 26:31 | Crear | Villager (Male) |
| 26:33 | Crear | Villager (Male) |
| 26:35 | Crear | Mangudai |
| 26:35 | Crear | Mangudai |
| 26:52 | Crear | Villager (Male) |
| 27:03 | Construir | House |
| 27:04 | Construir | House |
| 27:04 | Construir | House |
| 27:05 | Construir | House |
Build order — IRON MIKE
Primeras 150 de 275 acciones detectadas
| 0:18 | Construir | Town Center |
| 1:04 | Construir | Mill |
| 1:34 | Construir | House |
| 2:45 | Crear | Villager (Male) |
| 2:46 | Crear | Villager (Male) |
| 2:46 | Crear | Villager (Male) |
| 2:46 | Crear | Villager (Male) |
| 2:46 | Crear | Villager (Male) |
| 3:58 | Crear | Villager (Male) |
| 4:14 | Construir | Lumber Camp |
| 4:30 | Crear | Villager (Male) |
| 5:05 | Construir | House |
| 5:07 | Crear | Villager (Male) |
| 5:42 | Crear | Villager (Male) |
| 5:57 | Construir | House |
| 5:58 | Construir | House |
| 6:12 | Construir | House |
| 6:16 | Crear | Villager (Male) |
| 6:16 | Crear | Villager (Male) |
| 6:48 | Crear | Villager (Male) |
| 6:48 | Crear | Villager (Male) |
| 7:13 | Crear | Villager (Male) |
| 7:20 | Construir | Palisade Wall |
| 7:26 | Crear | Villager (Male) |
| 7:29 | Crear | Villager (Male) |
| 7:42 | Crear | Villager (Male) |
| 7:43 | Crear | Villager (Male) |
| 8:19 | Crear | Villager (Male) |
| 8:30 | Crear | Villager (Male) |
| 8:31 | Crear | Villager (Male) |
| 8:46 | Crear | Villager (Male) |
| 8:52 | Crear | Villager (Male) |
| 9:19 | Crear | Villager (Male) |
| 10:15 | Crear | Villager (Male) |
| 10:57 | Investigar | Feudal Age |
| 10:58 | Investigar | Feudal Age |
| 11:12 | Construir | Barracks |
| 12:04 | Construir | Mill |
| 12:37 | Construir | House |
| 12:54 | Crear | Villager (Male) |
| 12:55 | Crear | Villager (Male) |
| 13:08 | Edad | Edad Feudal |
| 13:14 | Construir | Archery Range |
| 13:34 | Crear | Villager (Male) |
| 13:35 | Crear | Villager (Male) |
| 14:03 | Crear | Villager (Male) |
| 14:03 | Crear | Villager (Male) |
| 14:11 | Construir | Blacksmith |
| 14:20 | Construir | Palisade Wall |
| 14:21 | Construir | Palisade Wall |
| 14:29 | Investigar | Loom |
| 14:50 | Investigar | Castle Age |
| 14:50 | Investigar | Castle Age |
| 15:05 | Investigar | Double-Bit Axe |
| 15:05 | Investigar | Double-Bit Axe |
| 15:38 | Investigar | Fletching |
| 15:49 | Construir | Archery Range |
| 15:54 | Construir | Palisade Wall |
| 15:54 | Construir | Palisade Wall |
| 16:23 | Construir | Mining Camp |
| 16:50 | Investigar | Horse Collar |
| 16:55 | Construir | Farm |
| 16:57 | Construir | Farm |
| 17:30 | Crear | Villager (Male) |
| 17:30 | Crear | Villager (Male) |
| 17:33 | Construir | House |
| 17:34 | Edad | Edad de los Castillos |
| 17:38 | Investigar | Town Watch |
| 17:43 | Crear | Villager (Male) |
| 17:50 | Investigar | Bodkin Arrow |
| 18:14 | Construir | Town Center |
| 18:19 | Crear | Villager (Male) |
| 18:21 | Crear | Cavalry Archer |
| 18:33 | Investigar | Gold Mining |
| 18:48 | Crear | Cavalry Archer |
| 18:48 | Crear | Cavalry Archer |
| 18:55 | Construir | House |
| 19:03 | Crear | Villager (Male) |
| 19:03 | Crear | Villager (Male) |
| 19:11 | Crear | Cavalry Archer |
| 19:39 | Crear | Cavalry Archer |
| 19:40 | Crear | Villager (Male) |
| 19:48 | Construir | Palisade Wall |
| 19:49 | Construir | Palisade Wall |
| 19:51 | Construir | Palisade Wall |
| 20:36 | Construir | Monastery |
| 20:46 | Crear | Cavalry Archer |
| 20:46 | Crear | Cavalry Archer |
| 20:48 | Crear | Villager (Male) |
| 20:48 | Crear | Villager (Male) |
| 20:49 | Crear | Villager (Male) |
| 21:04 | Crear | Monk |
| 21:45 | Crear | Villager (Male) |
| 21:59 | Crear | Monk |
| 22:03 | Construir | House |
| 22:10 | Construir | House |
| 22:12 | Construir | House |
| 22:43 | Construir | House |
| 22:44 | Crear | Villager (Male) |
| 22:48 | Crear | Cavalry Archer |
| 22:48 | Crear | Cavalry Archer |
| 23:08 | Construir | Stable |
| 24:02 | Crear | Villager (Male) |
| 24:08 | Crear | Monk |
| 24:12 | Crear | Villager (Male) |
| 24:17 | Construir | Farm |
| 24:18 | Construir | Farm |
| 24:18 | Construir | Farm |
| 24:18 | Construir | Farm |
| 24:23 | Construir | Market |
| 24:32 | Crear | Monk |
| 24:39 | Crear | Villager (Male) |
| 24:41 | Construir | Farm |
| 24:43 | Crear | Villager (Male) |
| 24:43 | Crear | Villager (Male) |
| 24:45 | Construir | Farm |
| 24:48 | Crear | Villager (Male) |
| 24:54 | Crear | Cavalry Archer |
| 24:55 | Crear | Cavalry Archer |
| 25:02 | Crear | Villager (Male) |
| 25:09 | Construir | University |
| 25:14 | Crear | Cavalry Archer |
| 25:58 | Crear | Villager (Male) |
| 26:05 | Crear | Villager (Male) |
| 26:20 | Crear | Villager (Male) |
| 26:20 | Crear | Villager (Male) |
| 27:06 | Investigar | Crossbowman (upgrade) |
| 27:06 | Crear | Cavalry Archer |
| 27:06 | Crear | Cavalry Archer |
| 27:07 | Crear | Villager (Male) |
| 27:07 | Crear | Villager (Male) |
| 27:21 | Crear | Villager (Male) |
| 27:22 | Crear | Villager (Male) |
| 27:34 | Construir | Farm |
| 27:36 | Construir | House |
| 27:36 | Construir | House |
| 27:37 | Construir | House |
| 27:37 | Construir | House |
| 27:45 | Investigar | Wheelbarrow |
| 27:49 | Construir | Town Center |
| 28:06 | Crear | Cavalry Archer |
| 28:13 | Crear | Villager (Male) |
| 28:21 | Construir | Farm |
| 28:41 | Crear | Villager (Male) |
| 28:45 | Crear | Camel Scout |
| 28:46 | Crear | Camel Scout |
| 28:59 | Crear | Cavalry Archer ×4 |
| 29:05 | Crear | Villager (Male) |
| 29:31 | Crear | Villager (Male) |
| 29:35 | Investigar | Ballistics |
Build order — [ITCF]yuli
Primeras 150 de 359 acciones detectadas
| 0:24 | Construir | Town Center |
| 2:47 | Crear | Villager (Male) |
| 2:47 | Crear | Villager (Male) |
| 2:48 | Crear | Villager (Male) |
| 2:48 | Crear | Villager (Male) |
| 2:57 | Construir | House |
| 3:36 | Construir | House |
| 3:41 | Crear | Villager (Male) |
| 3:41 | Crear | Villager (Male) |
| 4:16 | Construir | House |
| 4:24 | Crear | Villager (Male) |
| 5:12 | Crear | Villager (Male) |
| 5:12 | Crear | Villager (Male) |
| 5:12 | Crear | Villager (Male) |
| 5:59 | Crear | Villager (Male) |
| 5:59 | Crear | Villager (Male) |
| 6:00 | Crear | Villager (Male) |
| 6:17 | Construir | Lumber Camp |
| 6:18 | Crear | Villager (Male) |
| 6:24 | Crear | Villager (Male) |
| 6:24 | Crear | Villager (Male) |
| 6:31 | Construir | House |
| 7:06 | Construir | House |
| 7:30 | Crear | Villager (Male) |
| 7:30 | Crear | Villager (Male) |
| 7:57 | Crear | Villager (Male) |
| 7:57 | Crear | Villager (Male) |
| 8:17 | Construir | Mill |
| 8:28 | Crear | Villager (Male) |
| 8:55 | Crear | Villager (Male) |
| 9:01 | Construir | House |
| 9:51 | Construir | House |
| 10:07 | Crear | Villager (Male) |
| 10:11 | Crear | Villager (Male) |
| 10:11 | Crear | Villager (Male) |
| 10:35 | Crear | Villager (Male) |
| 10:35 | Crear | Villager (Male) |
| 11:38 | Investigar | Feudal Age |
| 12:36 | Construir | Barracks |
| 13:08 | Crear | Villager (Male) |
| 13:08 | Crear | Villager (Male) |
| 13:30 | Construir | House |
| 13:32 | Construir | Palisade Wall |
| 13:58 | Edad | Edad Feudal |
| 13:59 | Construir | Blacksmith |
| 14:06 | Construir | Archery Range |
| 14:42 | Investigar | Castle Age |
| 14:42 | Investigar | Castle Age |
| 15:20 | Construir | Archery Range |
| 15:29 | Construir | House |
| 15:33 | Construir | Palisade Wall |
| 15:45 | Construir | Palisade Wall |
| 15:50 | Construir | Palisade Wall |
| 15:54 | Construir | Palisade Wall |
| 16:10 | Investigar | Fletching |
| 16:10 | Investigar | Fletching |
| 16:31 | Investigar | Double-Bit Axe |
| 16:31 | Investigar | Double-Bit Axe |
| 16:48 | Crear | Villager (Male) |
| 16:48 | Crear | Villager (Male) |
| 16:50 | Investigar | Loom |
| 17:23 | Construir | Stable |
| 17:28 | Edad | Edad de los Castillos |
| 17:30 | Crear | Cavalry Archer ×3 |
| 17:31 | Crear | Villager (Male) |
| 17:33 | Crear | Villager (Male) |
| 17:33 | Crear | Villager (Male) |
| 17:41 | Crear | Villager (Male) |
| 17:47 | Investigar | Bow Saw |
| 17:49 | Crear | Villager (Male) |
| 18:02 | Investigar | Bodkin Arrow |
| 18:02 | Investigar | Bodkin Arrow |
| 18:18 | Crear | Villager (Male) |
| 18:24 | Crear | Villager (Male) |
| 18:27 | Crear | Cavalry Archer |
| 18:42 | Crear | Cavalry Archer |
| 18:42 | Crear | Villager (Male) |
| 18:43 | Crear | Villager (Male) |
| 18:44 | Crear | Villager (Male) |
| 18:49 | Crear | Villager (Male) |
| 19:03 | Crear | Cavalry Archer |
| 19:08 | Construir | Farm |
| 19:09 | Construir | Farm |
| 19:11 | Construir | Farm |
| 19:20 | Investigar | Husbandry |
| 19:23 | Crear | Cavalry Archer |
| 19:34 | Crear | Villager (Male) |
| 19:45 | Crear | Villager (Male) |
| 20:04 | Crear | Cavalry Archer ×2 |
| 20:19 | Crear | Villager (Male) |
| 20:19 | Crear | Villager (Male) |
| 20:39 | Crear | Villager (Male) |
| 20:39 | Crear | Villager (Male) |
| 20:48 | Crear | Cavalry Archer ×2 |
| 20:55 | Construir | House |
| 20:56 | Construir | House |
| 20:58 | Crear | Villager (Male) |
| 21:06 | Investigar | Town Watch |
| 21:06 | Investigar | Town Watch |
| 21:07 | Crear | Villager (Male) |
| 21:26 | Crear | Villager (Male) |
| 21:27 | Crear | Villager (Male) |
| 21:37 | Construir | House |
| 21:38 | Construir | House |
| 21:42 | Crear | Cavalry Archer ×3 |
| 21:42 | Crear | Cavalry Archer ×3 |
| 22:04 | Construir | House |
| 22:07 | Construir | House |
| 22:10 | Crear | Villager (Male) |
| 22:17 | Crear | Villager (Male) |
| 22:30 | Construir | Town Center |
| 22:32 | Crear | Villager (Male) |
| 22:42 | Construir | House |
| 22:47 | Crear | Cavalry Archer ×3 |
| 22:55 | Crear | Villager (Male) |
| 23:18 | Crear | Cavalry Archer ×2 |
| 23:18 | Crear | Cavalry Archer ×2 |
| 23:22 | Crear | Villager (Male) |
| 23:33 | Construir | Palisade Wall |
| 23:34 | Construir | Palisade Wall |
| 23:36 | Construir | Palisade Wall |
| 23:37 | Construir | Palisade Wall |
| 23:45 | Crear | Villager (Male) |
| 23:48 | Construir | House |
| 24:02 | Crear | Villager (Male) |
| 24:11 | Crear | Villager (Male) |
| 24:32 | Crear | Villager (Male) |
| 24:46 | Crear | Villager (Male) |
| 25:00 | Construir | House |
| 25:01 | Construir | House |
| 25:15 | Crear | Villager (Male) |
| 25:15 | Crear | Villager (Male) |
| 25:15 | Crear | Villager (Male) |
| 25:21 | Crear | Cavalry Archer ×5 |
| 25:24 | Construir | Archery Range |
| 25:31 | Construir | Mill |
| 25:56 | Crear | Villager (Male) |
| 26:00 | Construir | Farm |
| 26:17 | Construir | Mill |
| 26:19 | Crear | Villager (Male) |
| 26:30 | Crear | Cavalry Archer |
| 26:30 | Crear | Cavalry Archer |
| 26:44 | Crear | Cavalry Archer ×2 |
| 27:25 | Construir | House |
| 27:26 | Crear | Villager (Male) |
| 27:38 | Crear | Villager (Male) |
| 27:39 | Construir | House |
| 27:40 | Construir | House |
| 27:48 | Investigar | Padded Archer Armor |
| 27:48 | Investigar | Padded Archer Armor |
Build order — 麻糬
Primeras 150 de 393 acciones detectadas
| 0:07 | Construir | House |
| 0:44 | Construir | Town Center |
| 2:47 | Crear | Villager (Male) |
| 2:47 | Crear | Villager (Male) |
| 2:49 | Construir | House |
| 2:56 | Crear | Villager (Male) |
| 2:57 | Crear | Villager (Male) |
| 3:52 | Crear | Villager (Male) |
| 4:14 | Construir | House |
| 4:19 | Construir | House |
| 4:47 | Crear | Villager (Male) |
| 4:47 | Crear | Villager (Male) |
| 5:00 | Construir | Lumber Camp |
| 5:06 | Crear | Villager (Male) |
| 5:30 | Crear | Villager (Male) |
| 5:49 | Crear | Villager (Male) |
| 6:14 | Crear | Villager (Male) |
| 6:31 | Construir | House |
| 6:34 | Construir | House |
| 6:47 | Crear | Villager (Male) |
| 7:04 | Crear | Villager (Male) |
| 7:05 | Crear | Villager (Male) |
| 7:56 | Construir | Mill |
| 8:12 | Crear | Villager (Male) |
| 8:22 | Crear | Villager (Male) |
| 9:00 | Crear | Villager (Male) |
| 9:05 | Crear | Villager (Male) |
| 9:37 | Crear | Villager (Male) |
| 9:45 | Construir | House |
| 9:48 | Crear | Villager (Male) |
| 9:57 | Construir | Mining Camp |
| 10:14 | Construir | House |
| 10:31 | Investigar | Feudal Age |
| 10:46 | Construir | Mining Camp |
| 11:33 | Crear | Villager (Male) |
| 12:41 | Edad | Edad Feudal |
| 12:43 | Construir | Market |
| 13:06 | Crear | Villager (Male) |
| 13:27 | Construir | House |
| 13:35 | Construir | Blacksmith |
| 13:40 | Crear | Villager (Male) |
| 14:01 | Construir | Palisade Wall |
| 14:13 | Crear | Villager (Male) |
| 14:31 | Investigar | Castle Age |
| 14:31 | Investigar | Castle Age |
| 14:52 | Construir | Outpost |
| 15:11 | Investigar | Double-Bit Axe |
| 15:12 | Investigar | Double-Bit Axe |
| 16:09 | Investigar | Horse Collar |
| 16:09 | Investigar | Horse Collar |
| 16:17 | Construir | Lumber Camp |
| 16:29 | Crear | Villager (Male) |
| 17:11 | Edad | Edad de los Castillos |
| 17:14 | Construir | Castle |
| 17:22 | Construir | House |
| 17:25 | Construir | House |
| 17:31 | Construir | House |
| 17:32 | Construir | House |
| 17:38 | Crear | Villager (Male) |
| 18:04 | Crear | Villager (Male) |
| 18:21 | Crear | Villager (Male) |
| 18:25 | Crear | Unit 1949 |
| 18:26 | Crear | Unit 1949 |
| 19:01 | Construir | Farm |
| 19:02 | Construir | Farm |
| 19:03 | Construir | Farm |
| 19:04 | Construir | Farm |
| 19:12 | Crear | Unit 1949 |
| 19:18 | Crear | Villager (Male) |
| 19:18 | Crear | Villager (Male) |
| 19:39 | Crear | Unit 1949 |
| 19:43 | Construir | Farm |
| 19:52 | Construir | Farm |
| 19:56 | Construir | Farm |
| 19:56 | Construir | Farm |
| 20:06 | Crear | Unit 1949 |
| 20:11 | Crear | Unit 1949 |
| 20:21 | Crear | Villager (Male) |
| 20:32 | Crear | Unit 1949 |
| 20:49 | Crear | Villager (Male) |
| 20:51 | Crear | Villager (Male) |
| 21:13 | Construir | Town Center |
| 21:39 | Crear | Unit 1949 |
| 21:42 | Crear | Villager (Male) |
| 21:45 | Investigar | Scale Barding Armor |
| 21:45 | Investigar | Scale Barding Armor |
| 21:50 | Crear | Villager (Male) |
| 22:03 | Crear | Unit 1949 |
| 22:17 | Crear | Villager (Male) |
| 22:28 | Crear | Unit 1949 |
| 22:37 | Crear | Villager (Male) |
| 22:38 | Crear | Villager (Male) |
| 22:40 | Construir | Farm |
| 22:41 | Construir | Farm |
| 22:41 | Construir | Farm |
| 22:41 | Construir | Farm |
| 22:41 | Construir | Farm |
| 22:53 | Crear | Villager (Male) |
| 23:14 | Crear | Villager (Male) |
| 23:14 | Crear | Villager (Male) |
| 23:18 | Investigar | Loom |
| 23:31 | Crear | Unit 1949 |
| 23:32 | Crear | Unit 1949 |
| 24:00 | Crear | Villager (Male) |
| 24:03 | Construir | Farm |
| 24:07 | Crear | Villager (Male) |
| 24:16 | Crear | Villager (Male) |
| 24:35 | Crear | Villager (Male) |
| 24:44 | Crear | Villager (Male) |
| 24:53 | Crear | Unit 1949 |
| 24:54 | Construir | Farm |
| 24:56 | Crear | Villager (Male) |
| 25:03 | Construir | Farm |
| 25:06 | Crear | Villager (Male) |
| 25:39 | Crear | Unit 1949 |
| 25:39 | Crear | Unit 1949 |
| 25:48 | Crear | Villager (Male) |
| 25:51 | Construir | Monastery |
| 26:04 | Crear | Unit 1949 |
| 26:09 | Crear | Unit 1949 |
| 26:20 | Crear | Villager (Male) |
| 26:27 | Construir | Mill |
| 26:31 | Construir | Farm |
| 26:31 | Construir | Farm |
| 26:32 | Construir | Farm |
| 26:32 | Construir | Farm |
| 26:32 | Construir | Farm |
| 26:32 | Construir | Farm |
| 26:39 | Crear | Unit 1949 |
| 26:52 | Crear | Villager (Male) |
| 27:15 | Investigar | Forging |
| 27:29 | Construir | Farm |
| 27:32 | Construir | Farm |
| 27:35 | Construir | Farm |
| 27:45 | Crear | Villager (Male) |
| 27:47 | Crear | Villager (Male) |
| 27:58 | Construir | Mining Camp |
| 28:03 | Construir | Farm |
| 28:04 | Construir | Farm |
| 28:11 | Crear | Unit 1949 |
| 28:16 | Crear | Villager (Male) |
| 28:20 | Construir | Farm |
| 28:21 | Construir | Farm |
| 28:23 | Construir | Farm |
| 28:24 | Construir | Farm |
| 28:31 | Crear | Villager (Male) |
| 28:34 | Investigar | Wheelbarrow |
| 28:35 | Investigar | Wheelbarrow |
| 28:38 | Crear | Villager (Male) |
| 28:44 | Crear | Villager (Male) |
Build order — Erranth
Primeras 150 de 327 acciones detectadas
| 0:56 | Construir | Town Center |
| 3:02 | Crear | Villager (Male) |
| 3:02 | Crear | Villager (Male) |
| 3:03 | Crear | Villager (Male) |
| 3:03 | Crear | Villager (Male) |
| 3:03 | Crear | Villager (Male) |
| 4:35 | Construir | House |
| 4:41 | Construir | House |
| 4:46 | Investigar | Loom |
| 5:10 | Crear | Villager (Male) |
| 5:10 | Crear | Villager (Male) |
| 5:11 | Crear | Villager (Male) |
| 5:11 | Crear | Villager (Male) |
| 6:19 | Crear | Villager (Male) |
| 6:19 | Crear | Villager (Male) |
| 6:25 | Construir | House |
| 6:31 | Crear | Villager (Male) |
| 6:49 | Crear | Villager (Male) |
| 6:57 | Construir | Lumber Camp |
| 7:30 | Crear | Villager (Male) |
| 7:30 | Crear | Villager (Male) |
| 7:30 | Crear | Villager (Male) |
| 7:31 | Crear | Villager (Male) |
| 8:27 | Crear | Villager (Male) |
| 8:36 | Construir | House |
| 9:12 | Crear | Villager (Male) |
| 9:12 | Crear | Villager (Male) |
| 9:13 | Crear | Villager (Male) |
| 9:14 | Crear | Villager (Male) |
| 9:15 | Crear | Villager (Male) |
| 9:15 | Crear | Villager (Male) |
| 10:28 | Construir | Barracks |
| 11:24 | Investigar | Feudal Age |
| 11:48 | Construir | House |
| 11:51 | Construir | House |
| 11:52 | Construir | House |
| 13:36 | Edad | Edad Feudal |
| 13:43 | Construir | Stable |
| 13:48 | Crear | Villager (Male) |
| 13:50 | Crear | Villager (Male) |
| 13:58 | Crear | Villager (Male) |
| 14:16 | Crear | Scout Cavalry |
| 14:16 | Crear | Scout Cavalry |
| 14:43 | Construir | Mining Camp |
| 14:59 | Crear | Scout Cavalry |
| 15:20 | Crear | Villager (Male) |
| 15:22 | Crear | Villager (Male) |
| 16:02 | Crear | Scout Cavalry |
| 16:03 | Crear | Scout Cavalry |
| 16:11 | Construir | Blacksmith |
| 16:15 | Construir | Palisade Wall |
| 16:23 | Crear | Villager (Male) |
| 16:24 | Crear | Villager (Male) |
| 16:24 | Crear | Villager (Male) |
| 16:37 | Construir | Mill |
| 17:22 | Crear | Villager (Male) |
| 17:23 | Crear | Villager (Male) |
| 17:24 | Crear | Scout Cavalry |
| 17:31 | Investigar | Scale Barding Armor |
| 17:35 | Construir | Farm |
| 17:35 | Construir | Farm |
| 17:35 | Construir | Farm |
| 17:35 | Construir | Farm |
| 17:36 | Construir | Farm |
| 17:37 | Construir | House |
| 17:41 | Construir | House |
| 18:30 | Crear | Villager (Male) |
| 18:30 | Crear | Villager (Male) |
| 18:35 | Construir | Farm |
| 18:35 | Construir | Farm |
| 18:35 | Construir | Farm |
| 18:35 | Construir | Farm |
| 18:36 | Construir | Farm |
| 18:41 | Investigar | Double-Bit Axe |
| 19:09 | Crear | Villager (Male) |
| 19:12 | Construir | Farm |
| 19:12 | Construir | Farm |
| 19:12 | Construir | Farm |
| 19:43 | Construir | Farm |
| 19:51 | Construir | Farm |
| 19:51 | Construir | Farm |
| 19:51 | Construir | Farm |
| 19:51 | Construir | Farm |
| 19:52 | Construir | Farm |
| 19:52 | Construir | Farm |
| 19:56 | Construir | House |
| 20:19 | Construir | Farm |
| 20:22 | Construir | Farm |
| 21:20 | Construir | Farm |
| 22:09 | Investigar | Castle Age |
| 22:15 | Construir | Mining Camp |
| 22:36 | Investigar | Stone Mining |
| 24:29 | Investigar | Fletching |
| 24:37 | Crear | Villager (Male) |
| 24:49 | Edad | Edad de los Castillos |
| 25:11 | Construir | Castle |
| 25:22 | Crear | Villager (Male) |
| 25:23 | Crear | Villager (Male) |
| 25:23 | Crear | Villager (Male) |
| 25:31 | Construir | Archery Range |
| 25:33 | Construir | Archery Range |
| 25:47 | Investigar | Fletching |
| 25:48 | Investigar | Padded Archer Armor |
| 25:52 | Construir | University |
| 26:07 | Investigar | Elite Skirmisher (upgrade) |
| 26:26 | Crear | Skirmisher |
| 26:27 | Crear | Skirmisher |
| 26:48 | Construir | Castle |
| 26:55 | Crear | Skirmisher ×5 |
| 27:17 | Crear | Villager (Male) |
| 27:17 | Crear | Villager (Male) |
| 27:18 | Crear | Villager (Male) |
| 27:18 | Crear | Villager (Male) |
| 27:18 | Crear | Villager (Male) |
| 27:49 | Crear | Magyar Huszar |
| 27:49 | Crear | Magyar Huszar |
| 27:50 | Crear | Magyar Huszar |
| 28:14 | Construir | Farm |
| 28:20 | Crear | Magyar Huszar |
| 28:37 | Crear | Villager (Male) |
| 28:38 | Crear | Villager (Male) |
| 28:38 | Crear | Villager (Male) |
| 28:58 | Crear | Villager (Male) |
| 28:58 | Crear | Villager (Male) |
| 28:59 | Crear | Villager (Male) |
| 29:01 | Crear | Magyar Huszar |
| 29:01 | Crear | Magyar Huszar |
| 29:02 | Crear | Magyar Huszar |
| 29:06 | Crear | Skirmisher |
| 29:24 | Crear | Villager (Male) |
| 29:24 | Crear | Villager (Male) |
| 29:56 | Crear | Magyar Huszar |
| 29:56 | Crear | Magyar Huszar |
| 29:59 | Investigar | Bow Saw |
| 30:07 | Crear | Skirmisher |
| 30:52 | Crear | Villager (Male) |
| 30:53 | Crear | Villager (Male) |
| 30:53 | Crear | Villager (Male) |
| 31:17 | Construir | Town Center |
| 31:28 | Construir | Town Center |
| 31:38 | Investigar | Bodkin Arrow |
| 31:53 | Crear | Skirmisher ×2 |
| 32:08 | Crear | Skirmisher ×2 |
| 32:16 | Construir | Farm |
| 32:16 | Construir | Farm |
| 32:16 | Construir | Farm |
| 32:16 | Construir | Farm |
| 32:17 | Construir | Farm |
| 32:17 | Construir | Farm |
| 32:30 | Investigar | Horse Collar |
Cronología de la partida
| 7:20 | IRON MIKE · wall_segment Palisade Wall x3 |
| 10:28 | Erranth · first_building Barracks |
| 11:12 | IRON MIKE · first_building Barracks |
| 12:20 | [ITCF]Hentai · wall_segment Palisade Wall x1 |
| 12:34 | choco · age_up feudal |
| 12:36 | [ITCF]yuli · first_building Barracks |
| 12:41 | 麻糬 · age_up feudal |
| 12:50 | [ITCF]Hentai · first_building Barracks |
| 12:58 | [ITCF]Hentai · wall_segment Palisade Wall x1 |
| 12:59 | [ITCF]Hentai · wall_segment Palisade Wall x1 |
| 13:08 | IRON MIKE · age_up feudal |
| 13:10 | [ITCF]Hentai · age_up feudal |
| 13:14 | IRON MIKE · first_building Archery Range |
| 13:18 | [ITCF]Hentai · wall_segment Palisade Wall x1 |
| 13:19 | [ITCF]Hentai · wall_segment Palisade Wall x1 |
| 13:20 | [ITCF]Hentai · wall_segment Palisade Wall x1 |
| 13:30 | 麻糬 · first_market_buy 100 wood |
| 13:32 | [ITCF]yuli · wall_segment Palisade Wall x3 |
| 13:36 | Erranth · age_up feudal |
| 13:43 | Erranth · first_building Stable |
| 13:48 | 麻糬 · first_market_sell 100 stone |
| 13:54 | [ITCF]Hentai · wall_segment Palisade Wall x1 |
| 13:57 | [ITCF]Hentai · wall_segment Palisade Wall x6 |
| 13:58 | [ITCF]yuli · age_up feudal |
| 14:01 | 麻糬 · wall_segment Palisade Wall x5 |
| 14:06 | [ITCF]yuli · first_building Archery Range |
| 14:12 | choco · first_market_sell 100 food |
| 14:20 | IRON MIKE · wall_segment Palisade Wall x1 |
| 14:21 | IRON MIKE · wall_segment Palisade Wall x1 |
| 14:22 | [ITCF]Hentai · wall_segment Palisade Wall x1 |
| 14:23 | [ITCF]Hentai · wall_segment Palisade Wall x1 |
| 15:33 | [ITCF]yuli · wall_segment Palisade Wall x4 |
| 15:45 | [ITCF]yuli · wall_segment Palisade Wall x1 |
| 15:50 | [ITCF]yuli · wall_segment Palisade Wall x5 |
| 15:54 | IRON MIKE · wall_segment Palisade Wall x1 |
| 15:54 | [ITCF]yuli · wall_segment Palisade Wall x3 |
| 15:54 | IRON MIKE · wall_segment Palisade Wall x1 |
| 15:57 | [ITCF]Hentai · wall_segment Palisade Wall x1 |
| 16:01 | [ITCF]Hentai · wall_segment Palisade Wall x1 |
| 16:08 | [ITCF]Hentai · first_building Stable |
| 16:15 | Erranth · wall_segment Palisade Wall x1 |
| 16:19 | choco · wall_segment Stone Wall x10 |
| 16:54 | [ITCF]Hentai · wall_segment Palisade Wall x1 |
| 16:54 | choco · age_up castle |
| 16:54 | choco · first_market_buy 100 stone |
| 16:59 | [ITCF]Hentai · wall_segment Palisade Wall x1 |
| 17:00 | [ITCF]Hentai · wall_segment Palisade Wall x1 |
| 17:02 | [ITCF]Hentai · wall_segment Palisade Wall x1 |
| 17:04 | [ITCF]Hentai · wall_segment Palisade Wall x1 |
| 17:11 | 麻糬 · age_up castle |
| 17:12 | [ITCF]Hentai · wall_segment Palisade Wall x1 |
| 17:14 | 麻糬 · first_building Castle |
| 17:23 | [ITCF]yuli · first_building Stable |
| 17:28 | [ITCF]yuli · age_up castle |
| 17:34 | IRON MIKE · age_up castle |
| 17:48 | choco · first_building Castle |
| 19:17 | [ITCF]Hentai · wall_segment Palisade Wall x1 |
| 19:23 | [ITCF]Hentai · wall_segment Palisade Wall x1 |
| 19:36 | [ITCF]Hentai · age_up castle |
| 19:48 | IRON MIKE · wall_segment Palisade Wall x1 |
| 19:49 | IRON MIKE · wall_segment Palisade Wall x1 |
| 19:51 | IRON MIKE · wall_segment Palisade Wall x1 |
| 20:36 | IRON MIKE · first_building Monastery |
| 23:08 | IRON MIKE · first_building Stable |
| 23:28 | [ITCF]Hentai · first_building Castle |
| 23:33 | [ITCF]yuli · wall_segment Palisade Wall x1 |
| 23:34 | [ITCF]yuli · wall_segment Palisade Wall x1 |
| 23:36 | [ITCF]yuli · wall_segment Palisade Wall x1 |
| 23:37 | [ITCF]yuli · wall_segment Palisade Wall x1 |
| 24:49 | Erranth · age_up castle |
| 25:11 | Erranth · first_building Castle |
| 25:31 | Erranth · first_building Archery Range |
| 25:51 | 麻糬 · first_building Monastery |
| 26:04 | choco · first_building Barracks |
| 27:40 | IRON MIKE · first_market_sell 100 wood |
| 28:38 | choco · first_building Stable |
| 28:53 | [ITCF]yuli · first_building Castle |
| 29:07 | [ITCF]yuli · wall_segment Palisade Wall x1 |
| 29:08 | [ITCF]yuli · wall_segment Palisade Wall x1 |
| 29:09 | [ITCF]yuli · wall_segment Palisade Wall x1 |
| 29:36 | [ITCF]Hentai · first_market_buy 100 food |
| 30:32 | [ITCF]yuli · wall_segment Palisade Wall x1 |
| 32:58 | choco · first_building Archery Range |
| 34:43 | 麻糬 · wall_segment Palisade Wall x10 |
| 34:47 | 麻糬 · wall_segment Palisade Wall x8 |
| 34:58 | [ITCF]Hentai · first_building Siege Workshop |
| 35:51 | choco · age_up imperial |
| 37:05 | [ITCF]yuli · age_up imperial |
| 39:02 | IRON MIKE · age_up imperial |
| 39:17 | IRON MIKE · first_market_buy 100 food |
| 39:35 | Erranth · first_building Monastery |
| 39:47 | 麻糬 · first_building Siege Workshop |
| 40:18 | 麻糬 · age_up imperial |
| 40:33 | IRON MIKE · first_building Castle |
| 41:37 | Erranth · age_up imperial |
| 43:03 | Erranth · first_market_buy 100 stone |
| 44:03 | 麻糬 · wall_segment Palisade Wall x1 |
| 50:36 | [ITCF]Hentai · resign |
[ ANÁLISIS IA · 1 CRÉDITO ]
¿Qué pasó realmente en esta partida?
Wolo.gg analiza cada decisión: build order, eco, micro, errores típicos por bracket. Análisis personalizado por WhatsApp o Discord en 30 segundos.
Guía civ
Sarracenos
Perfil
Jugador #2759217